 Dungeon Crawl Stone Soup version 0.20.0-10-g0535bb4 (webtiles) character file.

2997 Larmestyx the Grappler (level 9, -3/83 HPs)
             Began as a Troll Monk on June 4, 2017.
             Killed by divine providence
             ... invoked by an orc priest
              (13 damage)
             ... on level 7 of the Dungeon.
             The game lasted 00:28:42 (4714 turns).

Larmestyx the Grappler (Troll Monk)                 Turns: 4714, Time: 00:28:42

Health: -3/83      AC:  5    Str: 24    XL:     9   Next: 54%
Magic:  8/8        EV: 12    Int:  6    God:
Gold:   283        SH:  0    Dex: 15    Spells: 8/8 levels left

rFire    . . .     SeeInvis .     - Unarmed
rCold    . . .     Gourm    +   (no shield)
rNeg     . . .     Faith    .   a - +0 robe
rPois    .         Spirit   .   (helmet restricted)
rElec    .         Reflect  .   (no cloak)
rCorr    .         Harm     .   (gloves unavailable)
MR       .....                  (boots unavailable)
Stlth    ++........             (no amulet)
Regen    0.7/turn               k - +3 ring of dexterity
MPRegen  0.2/turn               o - ring of wizardry

@: no status effects
A: unfitting armour, claws 3, fast metabolism 3, gourmand, regeneration 1,
shaggy fur 1, tough skin 2
a: no special abilities


You were on level 7 of the Dungeon.
You were very full.

You visited 2 branches of the dungeon, and saw 8 of its levels.

You collected 283 gold pieces.

Inventory:

Armour
 a - a +0 robe (worn)
Jewellery
 k - a +3 ring of dexterity (left claw)
 o - a ring of wizardry (right claw)
Scrolls
 c - 3 scrolls of amnesia
 d - 5 scrolls of remove curse {unknown}
 f - a scroll of enchant weapon {unknown}
 g - 3 scrolls of teleportation
 j - a scroll of recharging {unknown}
 m - 2 scrolls of identify
 n - 3 scrolls of enchant armour {unknown}
 w - a scroll of noise {unknown}
 x - a scroll of blinking {unknown}
 B - a scroll of fear {unknown}
Potions
 e - 7 potions of curing
 h - a potion of lignification {unknown}
 l - 3 potions of haste
 p - a potion of ambrosia {unknown}
 q - 2 potions of might {unknown}
 r - 2 potions of agility {unknown}
 s - a potion of flight {unknown}
 z - a potion of mutation {unknown}
 D - a potion of degeneration {unknown}
Books
 t - the Papyrus of Dark Self-Knowledge
   (You found it on level 4 of the Dungeon)

   Spells                             Type                      Level
   a - Pain                           Necromancy                   1
   b - Spectral Weapon                Hexes/Charms                 3
   c - Excruciating Wounds            Charms/Necromancy            5
   d - Agony                          Necromancy                   5
   e - Deflect Missiles               Charms/Air                   6
 v - a book of Conjurations

   Spells                             Type                      Level
   a - Magic Dart                     Conjuration                  1
   b - Searing Ray                    Conjuration                  2
   c - Dazzling Spray                 Conjuration/Hexes            3
   d - Fulminant Prism                Conjuration/Hexes            4
   e - Force Lance                    Conjuration/Translocation    4
   f - Iskenderun's Mystic Blast      Conjuration                  4
 y - a book of Clouds

   Spells                             Type                      Level
   a - Poisonous Vapours              Poison/Air                   2
   b - Mephitic Cloud                 Conjuration/Poison/Air       3
   c - Conjure Flame                  Conjuration/Fire             3
   d - Freezing Cloud                 Conjuration/Ice/Air          6
   e - Ring of Flames                 Charms/Fire                  7
 A - the Grimoire of Hairiness
   (You found it on level 8 of the Dungeon)

   Spells                             Type                      Level
   a - Pain                           Necromancy                   1
   b - Olgreb's Toxic Radiance        Poison                       4
   c - Dispel Undead                  Necromancy                   5
 E - a book of Cantrips

   Spells                             Type                      Level
   a - Confusing Touch                Hexes                        1
   b - Animate Skeleton               Necromancy                   1
   c - Summon Small Mammal            Summoning                    1
   d - Apportation                    Translocation                1
Comestibles
 b - 5 bread rations
 i - 5 meat rations
 u - 3 royal jellies


   Skills:
 + Level 3.4 Fighting
 + Level 4.4 Dodging
 - Level 1.0 Stealth
 * Level 12.2 Unarmed Combat


You had 8 spell levels left.
You didn't know any spells.

Dungeon Overview and Level Annotations

Branches:
Dungeon (8/15)             Temple (1/1) D:4
   Lair: D:8-11

Altars:
Ashenzari
Cheibriados
Dithmenos
Elyvilon
Fedhas
Gozag
Hepliaklqana
Kikubaaqudgha
Makhleb
Okawaru
Ru
Trog
Uskayaw
Vehumet
Xom
Yredelemnul
The Shining One
Beogh

Shops:
D:4 =

Portals:
Ossuary: D:5

Annotations:
D:5 tilp's ghost, amateur DrFE
D:7 Dowan; Duvessa


Innate Abilities, Weirdness & Mutations

You are too large for most types of armour.
You have claws for hands.
Your metabolism is lightning-fast.
You like to eat raw meat.
Your natural rate of healing is unusually fast.
You are covered in fur. (AC +1)
You have very tough skin. (AC +2)


Message History

The orc warrior hits you but does no damage.
The orc hits you.
* * * LOW HITPOINT WARNING * * *
You barely miss the orc warrior. The orc completely misses you.
The orc warrior misses you.
You mangle the orc warrior!!
The orc warrior is severely wounded.
The orc hits you but does no damage. The orc warrior closely misses you.
You closely miss the orc warrior.
The orc warrior is severely wounded.
The orc priest calls down the wrath of Beogh upon you.
Beogh smites you!
* * * LOW HITPOINT WARNING * * *
You hear a shout!
You scratch the orc warrior.
The orc warrior is almost dead.
The orc barely misses you.
The orc priest calls down the wrath of Beogh upon you.
Beogh smites you!
You die...

#.................#.....#####...
#.....###########................
#....## ...##...............
#.... # ...#...<.....##....
#.#..# .#. ..#.........#..##
#....# .... #.#.####........##
.....# .8$8%##.#))##..##.....#.
.....# ..o[)}#o#©..#.###.....#.
.....# .8$8o##@#...#.# #.......
.....# o.. #o#.#...# #.....##
.....# . #..oo#....## #.....# #.#
##.oo#.#### #.....# #.## ....##.#
####### #..###########..#
##............(## ###############


You could see an orc warrior, 2 orc priests, an orc wizard and 3 orcs.

Vanquished Creatures
  A two-headed ogre (D:8)
  Pikel (D:8)
  The ghost of Hasart the Slasher, a novice BaFi of Cheibriados (D:4)
  An ice beast (D:7)
  A slave (D:8)
  2 ogres (D:4)
  4 phantoms
  Blork the orc (D:5)
  2 bullfrogs
  2 scorpions (D:4)
  A water moccasin skeleton (D:8)
  A howler monkey (D:5)
  2 crimson imps (D:7)
  An orc priest (D:7)
  6 orc wizards
  A bullfrog skeleton (D:8)
  An iron imp (D:8)
  2 iguanas
  2 worker ants
  6 adders
  An ooze (D:2)
  An adder skeleton (D:4)
  A worm (D:2)
  A dart slug (D:2)
  4 leopard geckos
  17 orcs
  A ball python (D:1)
  8 bats
  8 giant cockroaches
  5 goblins
  12 hobgoblins
  2 jackals (D:3)
  A quokka (D:3)
  8 kobolds
  A leopard gecko skeleton (D:7)
  2 quokka skeletons
  A quokka zombie (D:8)
  7 rats
120 creatures vanquished.

Vanquished Creatures (others)
  A slave (D:8)
1 creature vanquished.

Grand Total: 121 creatures vanquished

Notes
Turn   | Place    | Note
-------+----------+-------------------------------------------
     0 | D:1      | Larmestyx the Troll Monk began the quest for the Orb.
     0 | D:1      | Reached XP level 1. HP: 22/22 MP: 0/0
   151 | D:1      | Reached XP level 2. HP: 29/29 MP: 1/1
   847 | D:2      | Reached XP level 3. HP: 26/36 MP: 2/2
  1085 | D:2      | Reached skill level 4 in Unarmed Combat
  1340 | D:2      | Reached XP level 4. HP: 33/44 MP: 3/3
  1412 | D:2      | Found an ancient bone altar of Kikubaaqudgha.
  1840 | D:3      | Reached skill level 5 in Unarmed Combat
  1840 | D:3      | Reached XP level 5. HP: 38/50 MP: 4/4
  2335 | D:4      | Noticed an ogre
  2342 | D:4      | Killed an ogre
  2342 | D:4      | Reached XP level 6. HP: 54/59 MP: 5/5
  2403 | D:4      | Reached skill level 6 in Unarmed Combat
  2610 | D:4      | Reached skill level 7 in Unarmed Combat
  2631 | D:4      | Noticed Hasart's ghost (novice BaFi)
  2735 | D:4      | Found a staircase to the Ecumenical Temple.
  2739 | D:4      | Identified the Papyrus of Dark Self-Knowledge
  2757 | Temple   | Entered the Ecumenical Temple
  2929 | D:4      | Found Umicvi's Jewellery Boutique.
  2945 | D:4      | Reached XP level 7. HP: 66/66 MP: 6/6
  3106 | D:4      | Killed Hasart's ghost
  3106 | D:4      | Reached skill level 8 in Unarmed Combat
  3260 | D:4      | Reached XP level 8. HP: 64/74 MP: 7/7
  3285 | D:5      | Entered Level 5 of the Dungeon
  3296 | D:5      | Noticed Blork the orc
  3306 | D:5      | Killed Blork the orc
  3306 | D:5      | Reached skill level 9 in Unarmed Combat
  3374 | D:5      | Found a sand-covered staircase.
  3752 | D:5      | Noticed tilp's ghost (amateur DrFE)
  3910 | D:5      | You fall through a shaft for 3 floors!
  4054 | D:8      | Noticed a two-headed ogre
  4062 | D:8      | Killed a two-headed ogre
  4062 | D:8      | Reached skill level 10 in Unarmed Combat
  4213 | D:8      | Reached skill level 11 in Unarmed Combat
  4213 | D:8      | Reached XP level 9. HP: 78/81 MP: 8/8
  4311 | D:8      | Identified the Grimoire of Hairiness
  4361 | D:8      | Noticed Pikel
  4369 | D:8      | Killed Pikel
  4382 | D:8      | Found a snail-covered altar of Cheibriados.
  4496 | D:7      | Reached skill level 12 in Unarmed Combat
  4540 | D:7      | Found a transporter.
  4587 | D:7      | Found a roughly hewn altar of Beogh.
  4620 | D:7      | Noticed Dowan
  4661 | D:7      | Noticed Duvessa
  4701 | D:7      | Noticed a troll
  4714 | D:7      | Killed from afar by an orc priest

Skill      XL: |  1  2  3  4  5  6  7  8  9 |
---------------+----------------------------+-----
Unarmed Combat | 4 5 7 8 11 12 | 12.2
Dodging        | 3 4 |  4.4
Fighting       | 3 |  3.4
Stealth        | |  1.0

Action                   |  1- 3 |  4- 6 |  7- 9 || total
-------------------------+-------+-------+-------++-------
Melee: Unarmed           |    99 |   126 |   123 ||   348
       Punch             |       |     3 |     7 ||    10
  Use: Scroll            |       |     2 |     2 ||     4
 Stab: Sleeping          |     1 |     3 |     3 ||     7
       Distracted        |       |     1 |       ||     1
  Eat: Chunk             |    18 |    11 |    18 ||    47
Armor: Robe              |    31 |    26 |    12 ||    69
Dodge: Dodged            |    58 |    56 |    38 ||   152
